 Dungeon Crawl Stone Soup version 0.18-a0-1109-gfc003ac (webtiles) character file.

544 4thArraOfDagon the Chopper (level 7, 5/62 HPs)
             Began as a Hill Orc Berserker on Jan 16, 2016.
             Was a Follower of Trog.
             Quit the game on level 8 of the Dungeon.
             The game lasted 00:02:53 (445 turns).

4thArraOfDagon the Chopper (Hill Orc Berserker)      Turns: 445, Time: 00:02:54

Health: 5/62       AC:  6    Str: 22    XL:     7   Next: 27%
Magic:  0/7        EV: 11    Int:  7    God:    Trog [*.....]
Gold:   50         SH:  0    Dex: 10    Spells: 0 memorised, 6 levels left

rFire  . . .     SeeInvis .     a - +0 hand axe
rCold  . . .     Gourm    .     g - +0 ring mail
rNeg   . . .     Faith    .     (no shield)
rPois  .         Spirit   +     (no helmet)
rElec  .         Dismiss  .     (no cloak)
rCorr  .         Reflect  .     (no gloves)
SustAt .         Harm     .     (no boots)
MR     .....                    d - amulet of guardian spirit
Stlth  ..........               (no ring)
                                (no ring)

@: exhausted, slowed, very slow, not resistant to hostile enchantments,
extremely unstealthy
A: no striking features
a: Berserk, Burn Spellbooks, Renounce Religion


You were on level 8 of the Dungeon.
You worshipped Trog.
Trog was aware of your devotion.
You were not hungry.

You visited 1 branch of the dungeon, and saw 9 of its levels.

You collected 50 gold pieces.

Inventory:

Hand Weapons
 a - a +0 hand axe (weapon)
Armour
 g - a +0 ring mail (worn)
Jewellery
 d - an amulet of guardian spirit (around neck)
Scrolls
 b - 2 scrolls of identify
Potions
 i - a potion of flight
Comestibles
 c - 2 bread rations
 f - a beef jerky
 j - a slice of pizza
 l - a meat ration


   Skills:
 + Level 5.8 Fighting
 * Level 7.9 Axes
 + Level 4.6 Armour
 - Level 1.5 Dodging


You had 6 spell levels left.
You didn't know any spells.

Dungeon Overview and Level Annotations

Branches:
Dungeon (9/15)
 Temple: D:4-7         Lair: D:8-11         Orc: D:9-12

Altars:
Vehumet

Annotations:
D:4 Eustachio


Message History

It was a potion of curing.
You feel better.
Read which item? (? for menu, Esc to quit)
As you read the scroll labeled DUFRIL ALIMIC, it crumbles to dust.
You experience a momentary feeling of inescapable doom!
It was a scroll of random uselessness.
Unknown command.
Read which item? (? for menu, Esc to quit)
As you read the scroll labeled ISITEI WORCHO, it crumbles to dust.
It is a scroll of recharging.
You aren't carrying any rechargeable items.
The ogre barely misses you.
Drink which item? (? for menu, Esc to quit)
Okay, then.
Enter note: bye Unknown command.
You hit the ogre but do no damage.
The ogre hits you with a giant spiked club!
* * * LOW HITPOINT WARNING * * *
Unknown command.
Are you sure you want to abandon this character and quit the game? (Confirm with "yes".)

...#####.....#... .#
....##.......#.###.#
.....#.#####.....#.#
....... #.#.#.#.#
.....#.# #.#.....#
....##.# #.###.###
....# # #.# #.#
..... #.# #.# #.#
#@# #. #O#########
#..##.###..>.......
#....O.......######
.###.#.####.# #..#
.# ##.# .# #...# .#
#.....###


You could see an ogre.

Vanquished Creatures
  A troll (D:8)
  A water moccasin (D:8)
  An ogre (D:4)
  Blork the orc (D:5)
  A giant frog (D:6)
  2 adders
  A shadow imp (D:6)
  A goblin (D:1)
  A quokka (D:2)
  2 bats (D:2)
  2 kobolds (D:2)
  A rat (D:3)
15 creatures vanquished.

Notes
Turn   | Place    | Note
--------------------------------------------------------------
     0 | D:1      | 4thArraOfDagon the Hill Orc Berserker began the quest for the Orb.
     0 | D:1      | Reached XP level 1. HP: 19/19 MP: 1/1
    21 | D:2      | jacquesderrida: deng
    32 | D:2      | Reached XP level 2. HP: 27/27 MP: 2/2
    93 | D:5      | Entered Level 5 of the Dungeon
    93 | D:5      | Noticed Blork the orc
   100 | D:5      | Killed Blork the orc
   100 | D:5      | Reached skill level 5 in Axes
   100 | D:5      | Reached XP level 3. HP: 26/33 MP: 3/3
   100 | D:5      | Reached XP level 4. HP: 31/40 MP: 4/4
   114 | D:4      | Noticed an ogre
   157 | D:4      | Noticed Eustachio
   157 | D:4      | Killed an ogre
   157 | D:4      | Reached skill level 6 in Axes
   157 | D:4      | Reached XP level 5. HP: 26/47 MP: 5/5
   263 | D:6      | Reached skill level 5 in Fighting
   263 | D:6      | Reached XP level 6. HP: 42/56 MP: 0/6
   367 | D:8      | Noticed a water moccasin
   379 | D:8      | Killed a water moccasin
   379 | D:8      | Reached skill level 7 in Axes
   416 | D:8      | Found a radiant altar of Vehumet.
   427 | D:9      | Noticed a troll
   436 | D:8      | HP: 3/84 [troll (3)]
   437 | D:8      | Killed a troll
   437 | D:8      | Reached XP level 7. HP: 3/62 MP: 0/7
   444 | D:8      | bye
   445 | D:8      | Quit the game

Vault maps used:
D:1:      dpeg_arrival_sounds_slurp
D:3:      nicolae_ru_sacrificial_ziggurat, uniq_grinder
D:4:      lemuel_doored_altar, first_bread, uniq_pikel, uniq_sigmund,
          uniq_eustachio
D:5:      gammafunk_temple_overflow_elements, serial_shops, shop,
          uniq_blork_the_orc, uniq_menkaure
D:6:      minmay_temple_entry_overgrown
D:7:      zin_purify, serial_shops, nicolae_shop_statue_plus
D:8:      lemuel_round_altar, basic_altar, lightli_minifort, uniq_joseph,
          uniq_gastronok
D:9:      hangedman_cross_cluster, elyvilon_altar_5, marbit_many_paths,
          serial_shops, nicolae_shop_scaring_up_business,
          hangedman_tell_no_tales

Action                   |  1- 3 |  4- 6 |  7- 9 || total
-------------------------+-------+-------+-------++-------
Melee: Hand axe          |    19 |    32 |     1 ||    52
Invok: Berserk           |     2 |     5 |       ||     7
  Use: Potion            |       |     1 |     1 ||     2
       Scroll            |       |     1 |     2 ||     3
  Eat: Chunk             |       |     3 |       ||     3
       Fruit             |       |     3 |       ||     3
